 Dungeon Crawl Stone Soup version 0.31-a0-744-gbc345e7fcb (webtiles) character file.

Game seed: 13916346327931158528

343 randomguy2701 the Covered (level 6, -2/47 HPs)
             Began as a Human Fighter on Sept 14, 2023.
             Succumbed to a gnoll sergeant's poison
             ... on level 4 of the Dungeon.
             The game lasted 00:03:16 (3101 turns).

randomguy2701 the Covered (Human Fighter)           Turns: 3101, Time: 00:03:17

Health: -2/47      AC: 10    Str: 16    XL:     6   Next: 88%
Magic:  6/6        EV: 10    Int:  9    God:
Gold:   151        SH:  6    Dex: 20    Spells: 5/5 levels left

rFire   . . .        a - +0 war axe
rCold   . . .        c - +0 buckler
rNeg    . . .        b - +0 scale mail
rPois   .            (no helmet)
rElec   .            o - +2 cloak
rCorr   .            (no gloves)
SInv    .            (no boots)
Will    +....        (no amulet) Stlth
                     f - +6 ring of dexterity
HPRegen 0.27/turn    (no ring)
MPRegen 0.10/turn

%: no passive effects
@: lethally poisoned (-2 -> -26), enlightened, flying
A: no striking features
a: no special abilities


You were on level 4 of the Dungeon.
You visited 1 branch of the dungeon, and saw 4 of its levels.

You collected 151 gold pieces.

Inventory:

Hand Weapons
 a - a +0 war axe (weapon)
Armour
 b - a +0 scale mail (worn)
 c - a +0 buckler (worn)
 o - a +2 cloak (worn)
Magical Staves
 l - a staff of conjuration
Jewellery
 f - a +6 ring of dexterity (left hand)
Scrolls
 e - a scroll of amnesia {unknown}
 i - 3 scrolls of blinking {unknown}
 m - a scroll of teleportation {unknown}
 n - a scroll of identify {unknown}
Potions
 d - 3 potions of might
 g - 2 potions of enlightenment
 h - 2 potions of heal wounds {unknown}
 j - 3 potions of curing {unknown}
 k - a potion of mutation {unknown}
 p - a potion of resistance {unknown}


   Skills:
 + Level 3.5 Fighting
 + Level 4.4 Axes
 + Level 4.5 Armour
 + Level 1.7 Dodging
 + Level 0.1 Stealth
 + Level 3.7 Shields


You had 5 spell levels left.
You didn't know any spells.
Your spell library contained the following spells:

 Spells                   Type           Power      Damage    Failure   Level
 Cigotuvi's Dreadful Rot  Necr/Pois/Air  0%         N/A       95%         2
 Ignite Poison            Fire/Tmut/Pois 0%         N/A       99%         3
 Freezing Cloud           Conj/Ice/Air   0%         6-21      100%        5


Dungeon Overview and Level Annotations

Branches:
Dungeon (4/15)             Temple (0/1) D:4

Altars:


Message History

You close the door.
A gnoll breaks down the door.
A gnoll comes into view. It is wielding a +0 spear of venom.
The gnoll closely misses you.
The gnoll shouts!
You hit the gnoll.
The gnoll is moderately wounded.
You block the gnoll's attack.
You hit the gnoll.
The gnoll is moderately wounded.
The gnoll hits you with a +0 spear.
You hit the gnoll.
The gnoll is heavily wounded.
The gnoll hits you with a +0 spear. The gnoll sergeant barely misses you.
The gnoll hits you but does no damage.
You slash the gnoll!
You kill the gnoll!
The gnoll sergeant hits you from afar with a +1 trident of venom.
You are poisoned.
You feel very sick.
The gnoll sergeant hits you with a +1 trident of venom.
You are more poisoned.
The gnoll barely misses you.
Things that are here:
a +0 spear; a gnoll corpse You hit the gnoll sergeant.
The gnoll sergeant is lightly wounded.
You feel very sick.
The gnoll sergeant hits you with a +1 trident of venom!
You are more poisoned.
The gnoll hits you from afar with a +0 spear.
* * * LOW HITPOINT WARNING * * *
You block the gnoll sergeant's attack. The gnoll hits you but does no damage.
* * * LOW HITPOINT WARNING * * *
You feel extremely sick. You block the gnoll sergeant's attack.
It was a potion of enlightenment.
You feel very buoyant.
You fly up into the air.
You die...

#.#.#..###.........
#.#.#..# #.####.###
#.#.#..# #.# #.#
#.#....# #.# #.#
#.###.####.# #.#
#..........# #.#
#####...#######.#
#..............#
#@####..##########
#)# ##..###......
#g# ##...#.#....
#g# ###...#.... #g#
##..#....
#.†g)......
#..+....
#..........
##.#....
#.......... #.#....
#.......... #.#....


You could see a gnoll sergeant and 3 gnolls.

Vanquished Creatures
  A scorpion (D:4)
  An iguana (D:4)
  A gnoll bouda (D:4)
  6 gnolls (D:4)
  7 adders
  2 worms (D:2)
  3 dart slugs (D:2)
  5 orcs
  6 ball pythons
  4 endoplasms
  3 giant cockroaches (D:4)
  10 goblins
  8 hobgoblins
  4 jackals
  9 kobolds
  5 quokkas
  9 bats
  2 frilled lizards
  11 rats
97 creatures vanquished.

Notes
Turn   | Place    | Note
-------+----------+-------------------------------------------
     0 | D:1      | randomguy2701 the Human Fighter began the quest for the
                  | Orb.
     0 | D:1      | Reached XP level 1. HP: 18/18 MP: 1/1
    98 | D:1      | Reached XP level 2. HP: 24/24 MP: 2/2
   206 | D:1      | Reached XP level 3. HP: 29/29 MP: 3/3
   601 | D:2      | Reached XP level 4. HP: 8/35 MP: 4/4
   790 | D:2      | Reached skill level 1 in Dodging
  1045 | D:2      | Reached XP level 5. HP: 38/41 MP: 5/5
  1543 | D:2      | Found a faded altar of an unknown god.
  2351 | D:4      | Found a staircase to the Ecumenical Temple.
  2406 | D:4      | Reached XP level 6. HP: 47/47 MP: 6/6
  3101 | D:4      | Succumbed to a gnoll sergeant's poison

Illustrated notes

Levels and vault maps discovered:
D:1:      mrwooster_arrival_statue_2, layout_basic,
          chequers_serial_rivers_micro_d, minmay_tetromino_s4
D:2:      layout_basic, hellmonk_ecumenical_altar_defaced_shrine
D:3:      minmay_angry_zag, layout_loops_cross
D:4:      layout_basic, temple_statues, st_stairs_8, lightli_minifort

Skill      XL: |  1  2  3  4  5  6 |
---------------+-------------------+-----
Axes           | 3 4 |  4.4
Dodging        | 1 |  1.7
Armour         | 4 |  4.5
Fighting       | |  3.5
Stealth        | |  0.1
Shields        | |  3.7

Action                     |  1- 3 |  4- 6 || total
---------------------------+-------+-------++-------
  Melee: War axe           |    88 |   182 ||   270
    Use: Potion            |       |     1 ||     1
 Armour: Scale mail        |    77 |   164 ||   241
  Dodge: Dodged            |    71 |    64 ||   135
  Block: Buckler           |    32 |    57 ||    89

Table legend: (Time is in decaauts)
 A = Elapsed time spent in this place.
 B = Non-inter-level travel time spent in this place.
 C = Inter-level travel time spent in this place.
 D = Time resting spent in this place.
 E = Time spent auto-exploring this place.
 F = Levels seen in this place.
 G = Mean time per level.
                   A        B        C        D        E       F      G
               +--------+--------+--------+--------+--------+-----+--------+
         Total |   3204 |   3109 |     95 |      0 |   2455 |   4 |  801.0 |
       Dungeon |   3204 |   3109 |     95 |      0 |   2455 |   4 |  801.0 |
               +--------+--------+--------+--------+--------+-----+--------+

Top non-repeatable levels by time:
     D:2: 1133 daAuts
     D:4: 862 daAuts
     D:3: 665 daAuts
     D:1: 542 daAuts
